 Dungeon Crawl Stone Soup version 0.28-a0-1429-gf3d713df7a (webtiles) character file.

Game seed: 17747294689029697115

46 Gargoyl the Skirmisher (level 3, -2/35 HPs)
             Began as a Gnoll Abyssal Knight on Jan 8, 2022.
             Was a Follower of Lugonu.
             Slain by Jessica (3 damage)
             ... on level 2 of the Dungeon.
             The game lasted 00:01:31 (933 turns).

Gargoyl the Skirmisher (Gnoll Abyssal Knight)        Turns: 933, Time: 00:01:31

Health: -2/35      AC: 10    Str: 14    XL:     3   Next: 66%
Magic:  6/6        EV:  7    Int:  9    God:    Lugonu [*.....]
Gold:   34         SH:  0    Dex: 12    Spells: 3/3 levels left

rFire   . . .      SeeInvis .   a - +1 hand axe
rCold   . . .      Faith    .   (no shield)
rNeg    . . .      Spirit   .   c - +1 chain mail
rPois   .          Reflect  .   (no helmet)
rElec   .          Harm     .   (no cloak)
rCorr   .          Rampage  .   (no gloves)
Will    .....                   (no boots)
Stlth   ..........              (no amulet)
HPRegen 0.11/turn               (no ring)
MPRegen 0.10/turn               (no ring)

@: attractive, slowed, very slow
A: fangs 1, strong nose, distributed training
a: Renounce Religion, Depart the Abyss


You were on level 2 of the Dungeon.
You worshipped Lugonu.
Lugonu was aware of your devotion.
You visited 1 branch of the dungeon, and saw 2 of its levels.
You visited the Abyss 1 time.

You collected 34 gold pieces.

Inventory:

Hand Weapons
 a - a +1 hand axe (weapon)
Missiles
 b - 17 poisoned darts (quivered)
Armour
 c - a +1 chain mail (worn)
Potions
 e - a potion of attraction


   Skills:
 + Level 6.5 Fighting
 + Level 0.9 Short Blades
 + Level 0.9 Long Blades
 + Level 4.5 Axes
 + Level 0.9 Maces & Flails
 + Level 0.9 Polearms
 + Level 0.9 Staves
 + Level 0.9 Slings
 + Level 0.9 Bows
 + Level 0.9 Crossbows
 + Level 0.9 Throwing
 + Level 4.5 Armour
 + Level 2.6 Dodging
 + Level 0.9 Stealth
 + Level 0.9 Shields
 + Level 0.9 Unarmed Combat
 + Level 0.9 Spellcasting
 + Level 0.6 Conjurations
 + Level 0.6 Hexes
 + Level 0.6 Summonings
 + Level 0.6 Necromancy
 + Level 0.6 Translocations
 + Level 0.6 Transmutations
 + Level 0.6 Fire Magic
 + Level 0.6 Ice Magic
 + Level 0.6 Air Magic
 + Level 0.6 Earth Magic
 + Level 0.6 Poison Magic
 + Level 4.6 Invocations
 + Level 0.9 Evocations


You had 3 spell levels left.
You didn't know any spells.
Your spell library was empty.

Dungeon Overview and Level Annotations

Branches:
Dungeon (2/15)

Altars:

Annotations:
D:2 Jessica


Innate Abilities, Weirdness & Mutations

You have very sharp teeth.
Your uncanny sense of smell can sniff out nearby items.
Your experience applies equally to all skills.


Message History

Jessica blinks!
Jessica mumbles some strange words.
Jessica seems to speed up.
Unknown command.
Jessica hits you with a +0 club. x2
Jessica gestures at you while chanting.
You feel as though you will be slow longer.
You hit Jessica.
Jessica is moderately wounded.
Jessica barely misses you. Jessica hits you with a +0 club.
You hit Jessica.
Jessica is moderately wounded.
Jessica hits you with a +0 club.
* * * LOW HITPOINT WARNING * * *
Jessica casts a spell at you.
You feel as though you will be slow longer.
You hit Jessica. You bite Jessica, but do no damage.
Jessica is almost dead.
Jessica mumbles some strange words.
Jessica blinks!
Jessica points at you and mumbles some strange words.
You resist with some effort.
You feel better. Jessica casts a spell at you. You resist with some effort.
You hit Jessica but do no damage.
Jessica is severely wounded.
Jessica hits you with a +0 club. x3
* * * LOW HITPOINT WARNING * * *
You hit Jessica but do no damage.
Jessica is severely wounded.
Jessica hits you with a +0 club.
* * * LOW HITPOINT WARNING * * *
Jessica gestures at you while chanting. Pain shoots through your body!
* * * LOW HITPOINT WARNING * * *
It was a potion of attraction.
You feel attractive to monsters. Jessica hits you with a +0 club.
You die...

############
#...........############
........................
#.....!....?############
#...........###
.!......$†....#
...$..........#
..............### #
......@@.......... .
..............#### #
#.............#
#.............#
#.............#
#.............#
..############# ##


You could see Jessica (fast).

Vanquished Creatures
  2 adders (D:2)
  2 ball pythons (D:1)
  4 endoplasms
  2 giant cockroaches
  A goblin (D:1)
  3 hobgoblins
  2 quokkas (D:1)
  4 frilled lizards (D:1)
  2 kobolds (D:1)
  6 rats
28 creatures vanquished.

Notes
Turn   | Place    | Note
-------+----------+-------------------------------------------
     0 | Abyss:1  | Gargoyl the Gnoll Abyssal Knight began the quest for the
                  | Orb.
     0 | Abyss:1  | Reached XP level 1. HP: 23/23 MP: 3/3
    87 | Abyss:2  | Noticed a worldbinder
   106 | Abyss:3  | Noticed an ancient zyme
   106 | D:1      | Escaped the Abyss
   150 | D:1      | Found a faded altar of an unknown god.
   309 | D:1      | Reached XP level 2. HP: 28/29 MP: 5/5
   470 | D:1      | Reached * piety under Lugonu
   818 | D:2      | Reached XP level 3. HP: 35/35 MP: 6/6
   918 | D:2      | Noticed Jessica
   932 | D:2      | HP: 1/35 [Jessica/nerve-wracking pain (5)]
   933 | D:2      | Slain by Jessica

Illustrated notes

Levels and vault maps discovered:
D:1:      minmay_arrival_hallway, layout_basic, ebering_ecumenical_altar_box,
          bh_walls_and_bars
D:2:      layout_basic, uniq_robin, uniq_jessica

Action                   || total
-------------------------++-------
Melee: Hand axe          ||    72
       Bite              ||     5
Invok: Depart the Abyss  ||     1
  Use: Scroll            ||     3
       Potion            ||     2
Armor: Chain mail        ||    46
       Leather armour    ||     2
Dodge: Dodged            ||    30

Table legend: (Time is in decaauts)
 A = Elapsed time spent in this place.
 B = Non-inter-level travel time spent in this place.
 C = Inter-level travel time spent in this place.
 D = Time resting spent in this place.
 E = Time spent auto-exploring this place.
 F = Levels seen in this place.
 G = Mean time per level.
                   A        B        C        D        E       F      G
               +--------+--------+--------+--------+--------+-----+--------+
         Total |    944 |    923 |     21 |      0 |    678 |   5 |  188.8 |
       Dungeon |    839 |    818 |     21 |      0 |    588 |   2 |  419.5 |
         Abyss |    105 |    105 |      0 |      0 |     90 |   3 |   35.0 |
               +--------+--------+--------+--------+--------+-----+--------+

Top non-repeatable levels by time:
     D:1: 704 daAuts
     D:2: 134 daAuts
 Abyss:2: 47 daAuts
 Abyss:1: 41 daAuts
 Abyss:3: 16 daAuts
